cohdb
Replays
Latest Replays
All Replays
Popular Replays
Top Player Replays
Match Explorer
How It Works
Community
CoH3 Stats
Reddit
Sign in to upload your games and track your stats! →
Sign in with Steam
Match 45322203
Unlisted
Match 45322203
Overview
Messages
Build Orders
End
250 Light Carrier
Selects Armored Support Battlegroup
Panzergrenadier Squad
Panzergrenadier Squad
Construct Light Support Kompanie
Fire Support Elements
Selects Superior Fire Drills
Panzergrenadier Squad
Veteran Squad Leaders
Flakvierling Half-track
Vehicle Survival Package
2.5-tonne Medical Truck
Selects Vehicle Awareness
Pak 38 Anti-tank Gun Team
Construct Panzerarmee Kommand
Selects Flammpanzer III Medium Tank
le.IG 18 Mechanized Group
Combat Half-tracks
Panzer III L Medium Tank
Emergency Repair Kits
Selects Vehicle Awareness
Panzer III L Medium Tank
Rapid Advance
Selects Panzer Storm
Panzer Storm
Armored Reserves
Panzergrenadier Squad
MG34 Team
Tiger Heavy Tank
Selects Stuka Dive Bomb
Tungsten Core Ammunition
Stuka Dive Bomb
Advanced Field Repairs
Panzer Storm
Stuka Dive Bomb
Panzer III L Medium Tank
zqzw
JVM
喜羊羊
vincent
FaisalAlY_
KSA
Polar
Citizen Mars
0
0
Comments
sign in to comment!
No comments posted yet!